 Dungeon Crawl Stone Soup version 0.32-a0-599-gba8f9cf90e (webtiles) character file.

Game seed: 16281756695407512079

818 Sobieck the Digger (level 7, 0/50 HPs)
             Began as a Mountain Dwarf Earth Elementalist on Mar 2, 2024.
             Succumbed to a water moccasin's poison
             ... on level 5 of the Dungeon.
             The game lasted 00:06:45 (4722 turns).

Sobieck the Digger (MDEE)                           Turns: 4722, Time: 00:06:45

Health: 0/50       AC:  6    Str:  8 (11) XL:     7   Next: 62%
Magic:  2/12       EV: 10    Int: 14 (17) God:
Gold:   124        SH:  0    Dex:  9 (10) Spells: 9/13 levels left

rFire   . . .        d - +1 sling
rCold   . . .        (no shield)
rNeg    . . .        e - +0 ring mail
rPois   .            (no helmet)
rElec   .            (no cloak)
rCorr   .            (no gloves)
SInv    .            (no boots)
Will    +....        (no amulet)
Stlth   +            (no ring)
HPRegen 0.28/turn    (no ring)
MPRegen 0.13/turn

%: no passive effects
@: lethally poisoned (0 -> -6), enlightened, flying
A: runic magic, artefact enchanting
a: no special abilities


You were on level 5 of the Dungeon.
You visited 2 branches of the dungeon, and saw 6 of its levels.

You collected 192 gold pieces.
You spent 68 gold pieces at shops.

Inventory:

Hand Weapons
 d - a +1 sling (weapon)
Armour
 a - a +0 robe
 e - a +0 ring mail (worn)
 t - a +0 buckler of cold resistance
Jewellery
 i - a ring of fire
Scrolls
 j - a scroll of enchant armour {unknown}
 l - a scroll of vulnerability
 m - a scroll of fog
 p - a scroll of poison
 q - a scroll of identify {unknown}
 r - a scroll of amnesia {unknown}
 s - a scroll of brand weapon {unknown}
Potions
 b - a potion of magic
 c - a potion of haste {unknown}
 f - a potion of degeneration
 g - a potion of heal wounds {unknown}
 h - a potion of berserk rage {unknown}
 k - 3 potions of enlightenment
 n - a potion of might {unknown}
 o - a potion of brilliance {unknown}


   Skills:
 + Level 4.4 Armour
 - Level 1.3 Dodging
 - Level 1.4 Stealth
 + Level 3.9 Spellcasting
 - Level 0.8 Conjurations
 * Level 7.4 Earth Magic


You had 9 spell levels left.
You knew the following spells:

 Your Spells              Type           Power      Damage    Failure   Level
a - Sandblast             Erth           46%        2d11      1%          1
b - Stone Arrow           Conj/Erth      28%        3d8       14%         3

Your spell library contained the following spells:

 Spells                   Type           Power      Damage    Failure   Level
 Passwall                 Erth           23%        N/A       3%          3
 Brom's Barrelling Bould  Conj/Erth      14%        2d4       41%         4
 Petrify                  Alch/Erth      13%        N/A       47%         4
 Hailstorm                Conj/Ice       3%         3d5       54%         3
 Summon Ice Beast         Ice/Summ       2%         N/A       58%         3
 Sculpt Simulacrum        Ice/Alch       1%         N/A       100%        6


Dungeon Overview and Level Annotations

Branches:
Dungeon (5/15)             Temple (1/1) D:5

Altars:
Ashenzari
Cheibriados
Makhleb
Nemelex Xobeh
Qazlal
Sif Muna
Trog
Uskayaw
Wu Jian
Xom
Zin

Shops:
D:4 *


Innate Abilities, Weirdness & Mutations

Your spellcasting is much less encumbered by armour.
You can use scrolls of enchantment on lesser artefacts.


Message History

The blast of sand hits the water moccasin!
The water moccasin is severely wounded.
The water moccasin bites you.
* * * LOW HITPOINT WARNING * * *
The water moccasin closely misses you.
You are too injured to fight recklessly!
You are too injured to fight recklessly!
Unknown command.
You are too injured to fight recklessly!
Casting: Sandblast (safe; 1% risk of failure)
Confirm with . or Enter, or press ? or * to list all spells.
Aiming: Sandblast (safe; 1% risk of failure)
Press: ? - help, Shift-Dir - straight line, f/p - water moccasin
Aim: a water moccasin (severely wounded, 72% to hit)
The blast of sand hits the water moccasin!
The water moccasin is almost dead.
The water moccasin bites you.
* * * LOW HITPOINT WARNING * * *
You are poisoned.
The water moccasin poisons you! The water moccasin closely misses you.
Casting: Sandblast (safe; 1% risk of failure)
Confirm with . or Enter, or press ? or * to list all spells.
Aiming: Sandblast (safe; 1% risk of failure)
Press: ? - help, Shift-Dir - straight line, f/p - water moccasin
Aim: a water moccasin (almost dead, 72% to hit)
The blast of sand misses the water moccasin.
You feel very sick. The water moccasin bites you.
* * * LOW HITPOINT WARNING * * *
The water moccasin bites you!
* * * LOW HITPOINT WARNING * * *
Casting: Sandblast (safe; 1% risk of failure)
Confirm with . or Enter, or press ? or * to list all spells.
Aiming: Sandblast (safe; 1% risk of failure)
Press: ? - help, Shift-Dir - straight line, f/p - water moccasin
Aim: a water moccasin (almost dead, 72% to hit)
The blast of sand hits the water moccasin!
You kill the water moccasin!
* * * LOW HITPOINT WARNING * * *
You feel very sick. The hound bites you but does no damage.
It was a potion of degeneration.
There was something very wrong with that liquid.
You feel weakened.
You feel dopey.
You feel clumsy.
* * * LOW HITPOINT WARNING * * *
You feel sick. The hound barely misses you.
It was a potion of enlightenment.
You feel very buoyant.
You fly up into the air.
You die...

#.##+## .. .
#.....##. +.......
#...... ..... ...
##h## ####
#.@.###..# ###
#........# ...
#........# #....
#........# #....
#...##...# #..>.
.......#...##...#
#....
#.......#....†...#
#....
#.......#....#...#
#...#
#.......#....#...#
#...#


You could see a hound.

Vanquished Creatures
  Eustachio (D:5)
  A water moccasin (D:5)
  An ogre (D:5)
  2 scorpions
  3 bombardier beetles
  2 hounds
  A sleepcap (D:4)
  An orc wizard (D:4)
  6 adders
  A white imp (D:4)
  3 dart slugs
  3 ribbon worms
  5 orcs
  2 bats (D:2)
  10 endoplasms
  2 giant cockroaches
  8 goblins
  11 hobgoblins
  4 jackals (D:2)
  8 quokkas
  8 ball pythons
  5 frilled lizards
  5 kobolds
  4 rats
97 creatures vanquished.

Notes
Turn   | Place    | Note
-------+----------+-------------------------------------------
     0 | D:1      | Sobieck the Mountain Dwarf Earth Elementalist began the
                  | quest for the Orb.
     0 | D:1      | Reached XP level 1. HP: 14/14 MP: 3/3
   183 | D:1      | Reached XP level 2. HP: 7/20 MP: 0/4
   404 | D:1      | Reached skill level 1 in Armour
   556 | D:1      | Reached skill level 4 in Earth Magic
   605 | D:1      | Reached XP level 3. HP: 25/26 MP: 3/6
  1363 | D:2      | Learned a level 3 spell: Stone Arrow
  1602 | D:2      | Found a shimmering blue altar of Sif Muna.
  2066 | D:3      | Reached XP level 4. HP: 33/33 MP: 5/7
  2682 | D:3      | Reached skill level 5 in Earth Magic
  2682 | D:3      | Reached XP level 5. HP: 38/38 MP: 4/8
  3601 | D:4      | Reached skill level 3 in Spellcasting
  3784 | D:4      | Reached skill level 3 in Armour
  3825 | D:4      | Found Tenk's Assorted Antiques.
  3832 | D:4      | Bought 2 gluggy clear potions for 32 gold pieces
  3832 | D:4      | Bought a scroll labelled TES QEECZA for 18 gold pieces
  3832 | D:4      | Bought a scroll labelled MIYNAAPLORPH for 18 gold pieces
  3881 | D:4      | Reached XP level 6. HP: 45/45 MP: 6/10
  4081 | D:4      | Reached skill level 6 in Earth Magic
  4167 | D:5      | Entered Level 5 of the Dungeon
  4419 | D:5      | Reached XP level 7. HP: 20/50 MP: 6/12
  4560 | D:5      | Found a staircase to the Ecumenical Temple.
  4577 | Temple   | Entered the Ecumenical Temple
  4708 | D:5      | Noticed Eustachio
  4715 | D:5      | Killed Eustachio
  4716 | D:5      | Reached skill level 7 in Earth Magic
  4721 | D:5      | HP: 2/50 [poisoned by a water moccasin]
  4722 | D:5      | Succumbed to a water moccasin's poison

Illustrated notes

Levels and vault maps discovered:
D:1:      lightli_arrival_flooded_house, layout_basic
D:2:      layout_loops_ring, basic_altar, minmay_bisected
D:3:      layout_loops_cross, kennysheep_generic_room_9
D:4:      layout_loops_corners, serial_shops, nicolae_shop_window_shopping,
          serial_bayou_crossing
D:5:      layout_gridville, temple_pool_b, minivault_26, uniq_eustachio
Temple:   grunt_temple_mini_profane

Skill      XL: |  1  2  3  4  5  6  7 |
---------------+----------------------+-----
Spellcasting   | 2 3 |  3.9
Armour         | 1 2 3 4 |  4.4
Earth Magic    | 4 5 6 7 |  7.4
Dodging        | |  1.3
Stealth        | |  1.4
Conjurations   | |  0.8

Action                     |  1- 3 |  4- 6 |  7- 9 || total
---------------------------+-------+-------+-------++-------
   Fire: Sling             |    60 |    43 |     6 ||   109
   Cast: Sandblast         |    50 |    75 |    16 ||   141
    Use: Scroll            |       |     7 |       ||     7
         Potion            |       |       |     2 ||     2
 Armour: Robe              |     6 |       |       ||     6
         Ring mail         |    12 |    31 |    12 ||    55
  Dodge: Dodged            |    17 |    21 |     8 ||    46

Table legend: (Time is in decaauts)
 A = Elapsed time spent in this place.
 B = Non-inter-level travel time spent in this place.
 C = Inter-level travel time spent in this place.
 D = Time resting spent in this place.
 E = Time spent auto-exploring this place.
 F = Levels seen in this place.
 G = Mean time per level.
                   A        B        C        D        E       F      G
               +--------+--------+--------+--------+--------+-----+--------+
         Total |   4860 |   4792 |     68 |    319 |   3872 |   6 |  810.0 |
       Dungeon |   4858 |   4790 |     68 |    319 |   3872 |   5 |  971.6 |
        Temple |      1 |      1 |      0 |      0 |      0 |   1 |    1.0 |
               +--------+--------+--------+--------+--------+-----+--------+

Top non-repeatable levels by time:
     D:1: 1279 daAuts
     D:4: 1144 daAuts
     D:3: 1025 daAuts
     D:2: 831 daAuts
     D:5: 578 daAuts
  Temple: 1 daAuts
